 Dungeon Crawl Stone Soup version 0.19.1-1-g22dce08 (webtiles) character file.

570 Korbac the Shield-Bearer (level 7, 0/55 HPs)
             Began as a Human Fighter on Jan 17, 2017.
             Succumbed to a killer bee's poison
             ... on level 4 of the Dungeon on Jan 18, 2017.
             The game lasted 00:18:02 (4096 turns).

Korbac the Shield-Bearer (Human Fighter)            Turns: 4096, Time: 00:18:03

Health: 0/55       AC:  9    Str: 21    XL:     7   Next: 60%
Magic:  7/7        EV:  8    Int:  8    God:
Gold:   182        SH: 10    Dex: 13    Spells: 0 memorised, 6 levels left

rFire  . . .     SeeInvis .     a - +0 long sword
rCold  . . .     Gourm    .     b - +0 scale mail
rNeg   . . .     Faith    .     c - +0 shield
rPois  .         Spirit   .     (helmet restricted)
rElec  .         Reflect  .     (no cloak)
rCorr  .         Harm     .     (no gloves)
MR     .....                    (no boots)
Stlth  ..........               (no amulet)
                                (no ring)
                                (no ring)

@: mighty, lethally poisoned (0 -> -18), very slightly contaminated, hasted,
very quick
A: antennae 1, yellow scales 1, weak 1
a: no special abilities


You were on level 4 of the Dungeon.
You were hungry.

You visited 1 branch of the dungeon, and saw 5 of its levels.

You collected 182 gold pieces.

Inventory:

Hand Weapons
 a - a +0 long sword (weapon)
Armour
 b - a +0 scale mail (worn)
 c - a +0 shield (worn)
Jewellery
 i - an uncursed amulet of faith
Scrolls
 h - a scroll of noise
 k - a scroll of identify
 l - a scroll of teleportation
Potions
 d - a potion of might
 e - a potion of flight
Books
 o - a book of the Sky

   Spells                             Type                      Level
   a - Summon Lightning Spire         Summoning/Air                4
   b - Airstrike                      Air                          4
   c - Silence                        Hexes/Air                    5
   d - Deflect Missiles               Charms/Air                   6
   e - Conjure Ball Lightning         Conjuration/Air              6
   f - Tornado                        Air                          9
Comestibles
 g - 2 bread rations
 j - 2 fruits


   Skills:
 * Level 4.4 Fighting
 * Level 4.6 Long Blades
 * Level 4.6 Armour
 + Level 1.0 Dodging
 * Level 4.8 Shields


You had 6 spell levels left.
You didn't know any spells.

Dungeon Overview and Level Annotations

Branches:
Dungeon (5/15)
 Temple: D:4-7

Altars:
Hepliaklqana
Okawaru
Trog
Vehumet


Innate Abilities, Weirdness & Mutations

You have a pair of small antennae on your head.
You are partially covered in yellow scales. (AC +2)
You are weak. (Str -2)


Message History

The killer bee poisons you! The killer bee stings you.
* * * LOW HITPOINT WARNING * * *
You are more poisoned.
The killer bee poisons you! You block the killer bee's attack.
You slash the killer bee!
You kill the killer bee!
Your Dodging skill increases to level 1!
* * * LOW HITPOINT WARNING * * *
You feel very sick.
It was a potion of haste.
You feel yourself speed up.
* * * LOW HITPOINT WARNING * * *
You feel sick.
You are very lightly contaminated with residual magic.
As you read the scroll labeled CIEG LAOQES, it crumbles to dust.
You feel aware of your surroundings.
It was a scroll of magic mapping.
* * * LOW HITPOINT WARNING * * *
You feel sick.
* * * LOW HITPOINT WARNING * * *
You feel sick.
You die...

)###.###.#.#.......#...#,* *,*
.#
#.....#.#.......#..##,*****,**
.#
#..####....._......#*,,,,,,,,*
.#
#..####.#.......#..#**********
.# #.......#.......#.##
.####.####.##.....##.# ......#
#.####.####.# #######
#.........[.#
############.###@##.##
.....#.......# #†##.#
.....#....†..#
#.##.###########
.....'.......#
#.##.##........#
.....#.......#
#.##.##.######.#
.....#......##
#.##.##.#......# .....#......#
#.##.##.#.###### .....#......#
#.##.##.#.# .....#......#
#.##.##.#.#


There were no monsters in sight!

Vanquished Creatures
  The ghost of Pyrintofan the Sneak, an amateur DrAs of Xom (D:4)
  A phantom (D:4)
  A killer bee (D:4)
  An orc priest (D:3)
  A hound (D:4)
  Ijyb (D:2)
  5 worker ants
  Robin (D:2)
  4 adders
  2 worms
  2 dart slugs (D:1)
  3 leopard geckos
  6 orcs
  8 bats
  5 giant cockroaches
  18 goblins
  12 hobgoblins
  8 jackals
  A quokka (D:2)
  A ball python (D:1)
  A ball python skeleton (D:4)
  2 frilled lizards
  8 kobolds
  4 rats
97 creatures vanquished.

Notes
Turn   | Place    | Note
-------+----------+-------------------------------------------
     0 | D:1      | Korbac the Human Fighter began the quest for the Orb.
     0 | D:1      | Reached XP level 1. HP: 18/18 MP: 1/1
   229 | D:1      | Reached XP level 2. HP: 24/24 MP: 2/2
   568 | D:1      | Reached XP level 3. HP: 29/29 MP: 3/3
   982 | D:2      | Noticed Robin
  1181 | D:1      | Reached XP level 4. HP: 24/35 MP: 4/4
  1200 | D:2      | Killed Robin
  1227 | D:2      | Noticed Ijyb
  1254 | D:2      | Killed Ijyb
  1293 | D:2      | Found an iron altar of Okawaru.
  1433 | D:2      | Reached XP level 5. HP: 41/41 MP: 5/5
  1637 | D:2      | Found a hazy altar of Hepliaklqana.
  2026 | D:3      | Found a radiant altar of Vehumet.
  2223 | D:3      | Gained mutation: You are partially covered in yellow scales. (AC +2) [potion of mutation]
  2223 | D:3      | Gained mutation: You have a pair of small antennae on your head. [potion of mutation]
  2223 | D:3      | Gained mutation: You are weak. (Str -2) [potion of mutation]
  2684 | D:3      | Reached XP level 6. HP: 30/48 MP: 6/6
  2985 | D:4      | Found a bloodstained altar of Trog.
  3126 | D:4      | Noticed a phantom
  3151 | D:4      | Killed a phantom
  3261 | D:4      | Reached XP level 7. HP: 43/54 MP: 7/7
  3373 | D:4      | Noticed Pyrintofan's ghost (amateur DrAs)
  3420 | D:4      | Killed Pyrintofan's ghost
  4067 | D:5      | Entered Level 5 of the Dungeon
  4092 | D:4      | Reached skill level 1 in Dodging
  4095 | D:4      | HP: 1/55 [poisoned by a killer bee]
  4096 | D:4      | Succumbed to a killer bee's poison

Skill      XL: |  1  2  3  4  5  6  7 |
---------------+----------------------+-----
Shields        | 4 |  4.8
Long Blades    | 3 4 |  4.6
Armour         | 4 |  4.6
Fighting       | 4 |  4.4
Dodging        | 1 |  1.0

Action                   |  1- 3 |  4- 6 |  7- 9 || total
-------------------------+-------+-------+-------++-------
Melee: Long sword        |   132 |   234 |   101 ||   467
  Use: Scroll            |       |     3 |     2 ||     5
       Potion            |       |     8 |     5 ||    13
  Eat: Bread ration      |     1 |       |       ||     1
       Meat ration       |       |     1 |       ||     1
       Fruit             |       |       |     2 ||     2
Armor: Scale mail        |    89 |   102 |    34 ||   225
       Skin              |       |       |    10 ||    10
Dodge: Dodged            |    66 |    76 |    21 ||   163
Block: Shield            |   109 |   137 |    60 ||   306
       Rpst.: Long sword |    24 |    29 |     4 ||    57
